cohdb
Replays
Latest Replays
All Replays
Popular Replays
Top Player Replays
Match Explorer
How It Works
Community
CoH3 Stats
Reddit
Sign in to upload your games and track your stats! →
Sign in with Steam
Match 43809173
Unlisted
Match 43809173
Overview
Messages
Build Orders
End
Engineer Squad
Selects Advanced Infantry Battlegroup
Construct Weapon Support Center
M1919 Machine Gun Team
Sniper
Bazooka Squad
Infantry Support Center
Selects Artillery Observers
M1919 Machine Gun Team
M3 Armored Personnel Carrier
.30 cal Machine Gun
Artillery Observer Squad
Construct Motor Pool
M24 Chaffee Light Tank
M1 Anti-tank Gun Team
M8 Greyhound Armored Car
Selects M2A1 105mm Howitzer Emplacement
M24 Chaffee Light Tank
M24 Chaffee Light Tank
M8 Greyhound Armored Car
Selects 155mm Rapid Artillery Barrage
155mm Rapid Artillery Barrage
AI Takeover
Mourning
admiral_gnar
steven.chen0618
Ark
BELL CRANEL
Vengeful One
kdogg6238
Cheeze Thiccenedburger
0
0
Comments
sign in to comment!
No comments posted yet!